[Event "Friday 20 April Rapid Engine Tour 12+1 Rounds 9 Starts 1600ST"]
[Site "Infinity Chess"]
[Date "2018.4.20"]
[Round "3"]
[White "Time_bandit"]
[Black "CrapCleaner"]
[Result "1/2-1/2"]
[ECO "C77"]
[WhiteElo "2456"]
[BlackElo "2462"]
[WhiteEngine "asmFishW_2018-04-11_bmi2"]
[BlackEngine "komodo-11.3.1-64bit-BMI2_CTG"]
[EventType "Swiss"]
[WhiteTeam ""]
[BlackTeam ""]
[PlyCount "130"]
[TimeControl "720+1"]

1. e4 e5 2. Nf3 Nc6 3. Bb5 a6 4. Ba4 Nf6 5. O-O Be7 6. Re1 b5 7. Bb3 O-O 
8. c3 d5 9. exd5 Nxd5 10. Nxe5 Nxe5 11. Rxe5 c6 12. d4 Bd6 13. Re1 Qh4 
14. g3 Qh3 15. Be3 Be6 16. Qf3 a5 17. Qg2 Qxg2+ 18. Kxg2 Rfe8 19. Bd1 a4 
20. Bf3 a3 21. b3 Bd7 22. Bd2 Rxe1 23. Bxe1 Bf5 24. Nd2 Nxc3 25. Nf1 Nd5 
26. Rc1 Ne7 27. Ne3 Be6 28. Nc2 g5 29. h3 f6 30. Nb4 Rc8 31. Na6 Kf7 32. Nb4 f5 
33. Bd2 g4 34. hxg4 fxg4 35. Be4 h5 36. Kf1 Bf5 37. Bxf5 Nxf5 38. Nxc6 Ke6 
39. Ke1 Rc7 40. Ba5 Rh7 41. Ke2 h4 42. gxh4 Rxh4 43. Kd3 Kd5 44. Nb4+ Bxb4 
45. Bxb4 Rh3+ 46. Kd2 Rf3 47. Ke1 Nxd4 48. Bxa3 Rd3 49. Bc5 Nf3+ 50. Kf1 Rd2 
51. a4 bxa4 52. bxa4 Ra2 53. Kg2 Rxa4 54. Kg3 Ke6 55. Rd1 Rc4 56. Be3 Ke5 
57. Bc1 Rb4 58. Be3 Ra4 59. Bc1 Kf5 60. Bb2 Rb4 61. Rd5+ Ke4 62. Ra5 Rb3 
63. Kxg4 Nh2+ 64. Kh5 Rxb2 65. Ra4+ Kf3 1/2-1/2

[Event "Friday 20 April Rapid Engine Tour 12+1 Rounds 9 Starts 1600ST"]
[Site "Infinity Chess"]
[Date "2018.4.20"]
[Round "3"]
[White "Seliga"]
[Black "Marsell"]
[Result "1/2-1/2"]
[ECO "C55"]
[WhiteElo "2472"]
[BlackElo "2475"]
[WhiteEngine "AsmFish A13_CTG"]
[BlackEngine "BrainFish_180418_x64_bmi2"]
[EventType "Swiss"]
[WhiteTeam ""]
[BlackTeam ""]
[PlyCount "81"]
[TimeControl "720+1"]

1. e4 e5 2. Nf3 Nc6 3. Bc4 Nf6 4. d3 Bc5 5. c3 d6 6. Bg5 h6 7. Bh4 g5 8. Bg3 a6 
9. a4 O-O 10. Nbd2 Ba7 11. O-O Nh7 12. Ba2 h5 13. h4 g4 14. Nh2 Ne7 15. Kh1 Ng6 
16. Qe1 Qf6 17. Nc4 Kh8 18. Ne3 Qg7 19. f3 gxf3 20. Rxf3 Ne7 21. Nd5 Nxd5 
22. Bxd5 c6 23. Bb3 f5 24. exf5 Bxf5 25. Qd2 Rf6 26. Raf1 Raf8 27. a5 Qg6 
28. Bc2 Bb8 29. Qe3 Be6 30. Rxf6 Nxf6 31. Qg5 Qxg5 32. hxg5 Nh7 33. Rxf8+ Nxf8 
34. d4 exd4 35. cxd4 Kg7 36. Nf3 Bc7 37. Kg1 Bg4 38. Nh2 Be6 39. Nf3 Bg4 
40. Nh2 Be6 41. Nf3 1/2-1/2

[Event "Friday 20 April Rapid Engine Tour 12+1 Rounds 9 Starts 1600ST"]
[Site "Infinity Chess"]
[Date "2018.4.20"]
[Round "3"]
[White "MarioDeMonti"]
[Black "SkyPilot"]
[Result "1/2-1/2"]
[ECO "C53"]
[WhiteElo "2483"]
[BlackElo "2484"]
[WhiteEngine "stockfish_x64_bmi2_2018_02_18_CTG"]
[BlackEngine "stockfish_x64_bmi2_2018_04_07_CTG"]
[EventType "Swiss"]
[WhiteTeam ""]
[BlackTeam ""]
[PlyCount "55"]
[TimeControl "720+1"]

1. e4 e5 2. Nf3 Nc6 3. Bc4 Bc5 4. c3 Nf6 5. d3 d6 6. O-O O-O 7. Bg5 h6 8. Bh4 g5 
9. Bg3 a5 10. a4 Kg7 11. Nbd2 Ba7 12. Re1 Ng8 13. Nf1 h5 14. h3 Nh6 15. d4 g4 
16. Bh4 f6 17. N3h2 Qe8 18. Ng3 Kh8 19. Rc1 Qg6 20. Bd5 gxh3 21. Qxh5 Ne7 
22. Bb3 Qg7 23. gxh3 Ng6 24. Kh1 Nf4 25. Qf3 Ng6 26. Qh5 Nf4 27. Qf3 Ng6 28. Qh5 
1/2-1/2

[Event "Friday 20 April Rapid Engine Tour 12+1 Rounds 9 Starts 1600ST"]
[Site "Infinity Chess"]
[Date "2018.4.20"]
[Round "3"]
[White "Harry_Potter"]
[Black "angriff"]
[Result "1-0"]
[ECO "B90"]
[WhiteElo "2486"]
[BlackElo "2394"]
[WhiteEngine "Stockfish_x64_bmi2_CTG"]
[BlackEngine "DracoREX 3.07 64BIT POPCNT_CTG"]
[EventType "Swiss"]
[WhiteTeam ""]
[BlackTeam ""]
[PlyCount "219"]
[TimeControl "720+1"]

1. e4 c5 2. Nf3 d6 3. d4 cxd4 4. Nxd4 Nf6 5. Nc3 a6 6. Be3 e5 7. Nb3 Be6 
8. f3 h5 9. Qd2 Nbd7 10. Nd5 Bxd5 11. exd5 g6 12. Be2 Qc7 13. Rc1 Ng8 14. c4 Bh6 
15. O-O Bxe3+ 16. Qxe3 Ne7 17. f4 Nf5 18. Qc3 Rc8 19. Kh1 Qb6 20. fxe5 Nxe5 
21. c5 Qd8 22. Rce1 O-O 23. Bxh5 Qh4 24. Bd1 Rfe8 25. g3 Qc4 26. Qxc4 Nxc4 
27. Rxe8+ Rxe8 28. c6 bxc6 29. dxc6 Ne5 30. Na5 Kf8 31. Bb3 Rc8 32. Rc1 Ke7 
33. Bc4 Nxc4 34. Rxc4 d5 35. Rb4 Kd6 36. Kg1 Ne3 37. h4 Kc5 38. Rb7 Nc4 
39. Nb3+ Kxc6 40. Rxf7 Ne5 41. Ra7 Kb5 42. Re7 Nd3 43. Re2 Rg8 44. Kh2 Nc5 
45. Nd4+ Kc4 46. Nc6 Ne4 47. Rc2+ Kd3 48. Nb4+ Kd4 49. Rc1 Ke5 50. Rd1 Nf6 
51. Kg2 g5 52. hxg5 Rxg5 53. Nxa6 Nh5 54. Nb4 d4 55. Nc6+ Kd5 56. Nxd4 Rxg3+ 
57. Kf2 Rh3 58. Nf3+ Kc5 59. Rc1+ Kb4 60. Rc3 Nf4 61. a3+ Ka5 62. Rb3 Rh1 
63. Ke3 Nd5+ 64. Kd2 Rh3 65. Kc2 Rg3 66. Nd2 Rg2 67. Rd3 Nb6 68. b3 Kb5 
69. Kb2 Rh2 70. Kc3 Rh5 71. Nf3 Ka5 72. Kc2 Rh8 73. Rd4 Rh5 74. Kb2 Ka6 
75. a4 Kb7 76. Ka3 Rh1 77. Ne5 Rh5 78. Nd3 Ra5 79. Nb2 Rg5 80. b4 Nd5 
81. Nd3 Rf5 82. Nc5+ Kc6 83. Ne4 Rf3+ 84. Kb2 Ne3 85. Nd2 Rh3 86. Nc4 Nf5 
87. Ne5+ Kc7 88. Rd7+ Kc8 89. a5 Rh6 90. Rd5 Rh2+ 91. Kc3 Ng3 92. b5 Rh1 
93. b6 Ne4+ 94. Kc4 Rb1 95. Rd7 Rc1+ 96. Kd4 Nf6 97. Rf7 Rd1+ 98. Kc4 Rb1 
99. Rxf6 Rc1+ 100. Kb5 Rb1+ 101. Ka6 Kd8 102. Rf7 Ke8 103. b7 Rb2 104. Ka7 Rb1 
105. b8=Q+ Rxb8 106. Kxb8 Kd8 107. a6 Ke8 108. a7 Kd8 109. a8=Q Ke8 110. Ka7# 
1-0

[Event "Friday 20 April Rapid Engine Tour 12+1 Rounds 9 Starts 1600ST"]
[Site "Infinity Chess"]
[Date "2018.4.20"]
[Round "2"]
[White "angriff"]
[Black "OlivierEvan"]
[Result "1-0"]
[ECO "B28"]
[WhiteElo "2377"]
[BlackElo "2393"]
[WhiteEngine "DracoREX 3.07 64BIT POPCNT_CTG"]
[BlackEngine "Houdini 6"]
[EventType "Swiss"]
[WhiteTeam ""]
[BlackTeam ""]
[PlyCount "285"]
[TimeControl "720+1"]

1. e4 c5 2. Nf3 a6 3. c3 e6 4. d4 d5 5. exd5 exd5 6. Bd3 c4 7. Bc2 Bd6 
8. O-O Ne7 9. Re1 O-O 10. Nh4 Ng6 11. Nf5 Bxf5 12. Bxf5 Nd7 13. g3 Qc7 
14. Be3 h6 15. Nd2 Rae8 16. Qf3 Nf6 17. Bc2 Qd8 18. h4 Re6 19. Bf5 Ree8 
20. a4 Bc7 21. Bh3 Qd6 22. a5 Qc6 23. Bf5 Qb5 24. Reb1 Qc6 25. Kg2 Re6 
26. Bxe6 fxe6 27. h5 Ne7 28. Re1 Qe8 29. Rh1 Rf7 30. Qe2 Nf5 31. Bf4 Bxf4 
32. gxf4 Qb8 33. Qe5 Qe8 34. Rae1 Re7 35. Nf1 Nxh5 36. Ng3 Nhxg3 37. fxg3 Qg6 
38. Rh3 Re8 39. Kh2 Qg4 40. Qe2 Qg6 41. Qe5 Qg4 42. Qe2 Qg6 43. Qh5 Qxh5 
44. Rxh5 g6 45. Rh3 h5 46. Kg2 Re7 47. Kf3 Nh6 48. Rc1 Kf7 49. Rhh1 Kf6 
50. Ra1 Kf5 51. Rae1 Ng4 52. Rhg1 Kf6 53. Re2 Nh6 54. Rb1 Rc7 55. Rh1 Rh7 
56. Rf1 Re7 57. Rb1 Rc7 58. Rbe1 Re7 59. Rg1 Nf5 60. Rc2 Rh7 61. Rh2 Nd6 
62. Rgh1 b6 63. axb6 Rb7 64. g4 hxg4+ 65. Kxg4 Rxb6 66. Ra1 Ne4 67. Kf3 Kg7 
68. Ke3 Kf6 69. Ra5 Ng3 70. Kf3 Ne4 71. Ra1 Kg7 72. Rg2 Kf6 73. Kg4 Rc6 
74. Rh2 Rb6 75. Ra2 Kg7 76. Kf3 Kf6 77. Rh8 Nd2+ 78. Kg4 Ne4 79. Rf8+ Kg7 
80. Ra8 Kf6 81. R8xa6 Rxa6 82. Rxa6 Nf2+ 83. Kf3 Ne4 84. Ra7 Nd2+ 85. Ke3 Ne4 
86. Ra8 Ng3 87. Ra6 Nf5+ 88. Kf2 Ke7 89. Kf3 Kf6 90. Ra7 Nd6 91. Kg4 Ne4 
92. Rc7 Nf2+ 93. Kf3 Ne4 94. Rc6 Nd2+ 95. Kg4 Ne4 96. Rc7 Nf2+ 97. Kf3 Ne4 
98. Rh7 Kf5 99. Rf7+ Nf6 100. Rf8 g5 101. fxg5 Kxg5 102. Rh8 Kf5 103. Rh6 Ne4 
104. Rh5+ Kf6 105. Rh6+ Kf5 106. Rh5+ Kf6 107. Rh2 Kf5 108. Ke2 Ng3+ 
109. Kd1 Ne4 110. Kc2 Nf6 111. b4 cxb3+ 112. Kxb3 Ne4 113. Rh6 Nf6 114. c4 dxc4+ 
115. Kxc4 Ne4 116. Kb5 Ng5 117. Kb4 Ne4 118. Kb5 Ng5 119. Rh5 Kg4 120. Rh1 Nf3 
121. Kc4 Nh4 122. Kc5 Nf3 123. Ra1 Kf4 124. Ra6 Ng5 125. Kd6 Nf3 126. Ra4 Kf5 
127. Rc4 Nd2 128. Rc2 Ne4+ 129. Ke7 Ng3 130. Rg2 Ne4 131. Re2 e5 132. d5 Nc5 
133. d6 Kf4 134. Rc2 Nb7 135. d7 e4 136. Rc7 Na5 137. d8=Q Nb3 138. Rc3 e3 
139. Rxb3 Ke4 140. Qf8 e2 141. Qf3+ Ke5 142. Rb4 e1=Q 143. Qh5# 1-0

[Event "Friday 20 April Rapid Engine Tour 12+1 Rounds 9 Starts 1600ST"]
[Site "Infinity Chess"]
[Date "2018.4.20"]
[Round "2"]
[White "Deep_Impact"]
[Black "ocirema"]
[Result "1/2-1/2"]
[ECO "C50"]
[WhiteElo "2410"]
[BlackElo "2436"]
[WhiteEngine "BrainFish_180411_x64_bmi2"]
[BlackEngine "asmFishW_2018-04-15_popcnt_CTG"]
[EventType "Swiss"]
[WhiteTeam ""]
[BlackTeam ""]
[PlyCount "117"]
[TimeControl "720+1"]

1. e4 e5 2. Nf3 Nc6 3. Bc4 Bc5 4. O-O d6 5. c3 Nf6 6. d3 a5 7. Bg5 h6 8. Bh4 O-O 
9. Nbd2 Ba7 10. Re1 g5 11. Bg3 Nh7 12. h3 g4 13. hxg4 Bxg4 14. Kh1 Qf6 
15. Nf1 Ng5 16. N1h2 Bh5 17. Bh4 Kg7 18. Qd2 Qf4 19. Qxf4 exf4 20. d4 f6 
21. Ng1 Ne7 22. f3 Be8 23. Bd3 Ng6 24. Bf2 b5 25. Nf1 a4 26. Ne2 Bd7 27. Nd2 h5 
28. b3 Bb6 29. Reb1 a3 30. b4 h4 31. Rf1 Rae8 32. Rad1 c6 33. c4 Rh8 
34. cxb5 cxb5 35. Nc3 h3 36. g4 fxg3 37. Bxg3 Bxd4 38. Nxb5 Bxb5 39. Bxb5 Rb8 
40. Bd3 Rxb4 41. Bxd6 Rb2 42. f4 Nf7 43. Bxa3 Rxa2 44. Bc1 Rc8 45. Nc4 Nh6 
46. Bb1 Rf2 47. Rxf2 Bxf2 48. Nd6 Rb8 49. Ba2 Bg3 50. e5 Bxf4 51. Bxf4 Nxf4 
52. Rg1+ Ng2 53. Kh2 Rb2 54. Bd5 Kf8 55. Nc4 Rc2 56. Bxg2 Rxg2+ 57. Rxg2 hxg2 
58. exf6 g1=Q+ 59. Kxg1 1/2-1/2

[Event "Friday 20 April Rapid Engine Tour 12+1 Rounds 9 Starts 1600ST"]
[Site "Infinity Chess"]
[Date "2018.4.20"]
[Round "2"]
[White "hafaba"]
[Black "RonWeasley"]
[Result "1/2-1/2"]
[ECO "C11"]
[WhiteElo "2453"]
[BlackElo "2455"]
[WhiteEngine "Eman 1.70-beta21 64-bit POPCNT_CTG"]
[BlackEngine "BrainFish 180418_CTG"]
[EventType "Swiss"]
[WhiteTeam ""]
[BlackTeam ""]
[PlyCount "132"]
[TimeControl "720+1"]

1. e4 e6 2. d4 d5 3. Nc3 Nf6 4. e5 Nfd7 5. f4 c5 6. Nf3 Nc6 7. Be3 cxd4 
8. Nxd4 Qb6 9. Qd2 Qxb2 10. Rb1 Qa3 11. Bb5 Nxd4 12. Bxd4 a6 13. Bxd7+ Bxd7 
14. Rb3 Qe7 15. Rxb7 Rc8 16. O-O Qd8 17. Qf2 Rxc3 18. Bxc3 Qc8 19. Rb3 Ba4 
20. Bd4 Bxb3 21. axb3 Be7 22. c3 O-O 23. b4 Qc6 24. h3 Bd8 25. Kh1 Re8 
26. Qe2 Bc7 27. Ra1 Ra8 28. Qa2 g6 29. Qe2 Qb7 30. Qe3 Bd8 31. f5 gxf5 
32. Qh6 Be7 33. g4 f4 34. Qxf4 a5 35. bxa5 Bd8 36. Qh6 Qb2 37. Rf1 Rxa5 
38. Qh5 Qb7 39. Kg2 Ra1 40. Rf2 Re1 41. Kg3 Ra1 42. Bc5 Rd1 43. Qh6 Be7 
44. Bxe7 Qxe7 45. Kg2 Ra1 46. Kg3 Ra8 47. h4 Rc8 48. Qd2 Rc4 49. Rf4 Rc5 
50. Qe3 Rc8 51. Rf6 Rc4 52. h5 Qc5 53. Qg5+ Kf8 54. Kh4 Qg1 55. Rxf7+ Kxf7 
56. Qf6+ Kg8 57. Qxe6+ Kf8 58. Qd6+ Kg8 59. Qd8+ Kf7 60. Qxd5+ Kf8 61. Qxc4 Qh2+ 
62. Kg5 Qxe5+ 63. Kh4 Qh2+ 64. Kg5 Qe5+ 65. Kh4 Qh2+ 66. Kg5 Qe5+ 1/2-1/2

[Event "Friday 20 April Rapid Engine Tour 12+1 Rounds 9 Starts 1600ST"]
[Site "Infinity Chess"]
[Date "2018.4.20"]
[Round "2"]
[White "star99"]
[Black "Time_bandit"]
[Result "1/2-1/2"]
[ECO "D20"]
[WhiteElo "2457"]
[BlackElo "2456"]
[WhiteEngine "Cryptic Heroes 9.4B"]
[BlackEngine "asmFishW_2018-04-11_bmi2"]
[EventType "Swiss"]
[WhiteTeam ""]
[BlackTeam ""]
[PlyCount "135"]
[TimeControl "720+1"]

1. d4 d5 2. c4 dxc4 3. e3 Nf6 4. Nf3 a6 5. Bxc4 e6 6. O-O c5 7. b3 b5 
8. Be2 Nbd7 9. Nbd2 Bb7 10. Bb2 Be7 11. a4 b4 12. dxc5 Nxc5 13. Rc1 Rc8 
14. Rc4 Ncd7 15. Rxc8 Qxc8 16. Nc4 Bd5 17. Nfd2 O-O 18. Qc2 Qb8 19. e4 Bb7 
20. Rc1 Rc8 21. g3 h5 22. Qd1 Nc5 23. f3 Nfd7 24. Rc2 Qc7 25. Kg2 h4 26. Bd4 Qd8 
27. Bf2 Rc6 28. a5 Rc8 29. Qa1 e5 30. Ra2 Bf8 31. Nxe5 hxg3 32. hxg3 Nxe5 
33. Qxe5 Nd3 34. Bxd3 Qxd3 35. Qd4 Rc3 36. Qxd3 Rxd3 37. Ba7 Bc6 38. Kf2 Bb5 
39. Rb2 f6 40. Nc4 Kf7 41. g4 g6 42. Be3 g5 43. Nb6 Bd6 44. Nd5 Rd1 45. Kg2 Bf1+ 
46. Kf2 Bb5 47. Kg2 Rf1 48. Bd2 Rd1 49. Ne3 Ra1 50. Nc2 Rd1 51. Bxb4 Be5 
52. Ra2 Bf1+ 53. Kf2 Bb5 54. Ne1 Rb1 55. Bc5 Rxb3 56. Ng2 Rb1 57. Ne3 Rh1 
58. Rc2 Kg6 59. Rd2 Rh2+ 60. Ng2 Bc3 61. Rd5 Rh1 62. Ne3 Rh2+ 63. Kg1 Ra2 
64. Bd4 Ra1+ 65. Kg2 Ra2+ 66. Kg1 Ra1+ 67. Kg2 Ra2+ 68. Kg1 1/2-1/2

[Event "Friday 20 April Rapid Engine Tour 12+1 Rounds 9 Starts 1600ST"]
[Site "Infinity Chess"]
[Date "2018.4.20"]
[Round "2"]
[White "CrapCleaner"]
[Black "Seliga"]
[Result "1/2-1/2"]
[ECO "C50"]
[WhiteElo "2462"]
[BlackElo "2472"]
[WhiteEngine "komodo-11.3.1-64bit-BMI2_CTG"]
[BlackEngine "AsmFish A13_CTG"]
[EventType "Swiss"]
[WhiteTeam ""]
[BlackTeam ""]
[PlyCount "42"]
[TimeControl "720+1"]

1. e4 e5 2. Nf3 Nc6 3. Bc4 Bc5 4. O-O Nf6 5. d3 O-O 6. c3 a5 7. Re1 d6 
8. Nbd2 Ba7 9. Nf1 Be6 10. Bxe6 fxe6 11. Ng3 a4 12. Be3 Bxe3 13. Rxe3 Ne7 
14. h3 Ng6 15. d4 Nd7 16. Qe2 Ra6 17. Rd1 Qe7 18. Qb5 Rb6 19. Qe2 Ra6 
20. Qb5 Rb6 21. Qe2 Ra6 1/2-1/2

[Event "Friday 20 April Rapid Engine Tour 12+1 Rounds 9 Starts 1600ST"]
[Site "Infinity Chess"]
[Date "2018.4.20"]
[Round "2"]
[White "Marsell"]
[Black "MarioDeMonti"]
[Result "1/2-1/2"]
[ECO "C55"]
[WhiteElo "2475"]
[BlackElo "2483"]
[WhiteEngine "BrainFish_180418_x64_bmi2"]
[BlackEngine "stockfish_x64_bmi2_2018_02_18_CTG"]
[EventType "Swiss"]
[WhiteTeam ""]
[BlackTeam ""]
[PlyCount "123"]
[TimeControl "720+1"]

1. e4 e5 2. Nf3 Nc6 3. Bc4 Nf6 4. d3 Bc5 5. c3 d6 6. O-O O-O 7. h3 a5 8. Nbd2 h6 
9. Re1 Be6 10. b3 Bb6 11. a4 d5 12. Bb5 Ne7 13. exd5 Nfxd5 14. Qc2 c6 
15. Bc4 Ng6 16. d4 Ndf4 17. dxe5 Nh4 18. Bf1 Bd5 19. Re4 Nfg6 20. Bc4 Re8 
21. g3 Qc8 22. Bxd5 Nxf3+ 23. Nxf3 cxd5 24. Rg4 Qc6 25. Bb2 Nxe5 26. Nxe5 Rxe5 
27. c4 Rg5 28. Rxg5 hxg5 29. Rc1 dxc4 30. Qxc4 Qxc4 31. Rxc4 Rd8 32. Bc3 Rd1+ 
33. Kg2 Rb1 34. Rc8+ Kh7 35. Ra8 Rxb3 36. Bxa5 Bxa5 37. Rxa5 Kg6 38. Rd5 Ra3 
39. Rb5 Rxa4 40. Rb6+ f6 41. Rxb7 Ra3 42. Rb4 Kh6 43. Rb7 Kg6 44. Rb5 Kf7 
45. Rb6 Kg6 46. Rb4 Kf5 47. Rb5+ Ke4 48. Rb7 g6 49. Rg7 Kf5 50. g4+ Ke6 
51. Rxg6 Kf7 52. Rh6 Kg7 53. Rh5 Rb3 54. h4 gxh4 55. Rxh4 f5 56. g5 f4 
57. f3 Rb1 58. Kh3 Rg1 59. Rxf4 Rxg5 60. Ra4 Kf6 61. Rf4+ Ke6 62. Ra4 1/2-1/2

[Event "Friday 20 April Rapid Engine Tour 12+1 Rounds 9 Starts 1600ST"]
[Site "Infinity Chess"]
[Date "2018.4.20"]
[Round "2"]
[White "SkyPilot"]
[Black "Harry_Potter"]
[Result "1/2-1/2 "]
[ECO "C53"]
[WhiteElo "2484"]
[BlackElo "2486"]
[WhiteEngine "stockfish_x64_bmi2_2018_04_07_CTG"]
[BlackEngine "Stockfish_x64_bmi2_CTG"]
[EventType "Swiss"]
[WhiteTeam ""]
[BlackTeam ""]
[PlyCount "308"]
[TimeControl "720+1"]

1. e4 e5 2. Nf3 Nc6 3. Bc4 Bc5 4. c3 Nf6 5. d3 d6 6. O-O O-O 7. h3 a6 8. Re1 Ba7 
9. a4 h6 10. Nbd2 Nh5 11. Nf1 Qf6 12. Ne3 Nf4 13. Ng4 Qg6 14. Bxf4 exf4 
15. d4 Bxg4 16. hxg4 Qxg4 17. a5 Rae8 18. b4 Ne7 19. b5 axb5 20. Bxb5 c6 
21. Bd3 Rb8 22. a6 Rfe8 23. e5 d5 24. axb7 Rxb7 25. Ra6 Bb8 26. Qc2 Qe6 
27. Qd2 g5 28. Nh2 h5 29. Nf3 Qh6 30. g3 f6 31. c4 g4 32. Nh4 Qg5 33. Qxf4 Qxf4 
34. gxf4 fxe5 35. dxe5 Ba7 36. Kg2 Bd4 37. Re2 Rb3 38. Rd2 Rb4 39. Bf1 Bc5 
40. f5 dxc4 41. Rc2 c3 42. Rxc3 Bd4 43. Rc4 Reb8 44. Ra5 c5 45. f6 Nc6 
46. Raxc5 Bxc5 47. Rxc5 Nd4 48. Rc7 Ne6 49. Re7 Nf4+ 50. Kg3 Ra4 51. Rg7+ Kf8 
52. e6 Rb3+ 53. Kh2 g3+ 54. Rxg3 Nxe6 55. Ng6+ Kf7 56. Ne5+ Kxf6 57. Nd7+ Ke7 
58. Rxb3 Rf4 59. Ne5 Rxf2+ 60. Kg1 Rf6 61. Rb7+ Kd6 62. Nc4+ Kc5 63. Nd2 Kd4 
64. Rb6 Ke3 65. Nc4+ Kd4 66. Nd2 Ke3 67. Nc4+ Kd4 68. Rd6+ Kc5 69. Ra6 Kd4 
70. Nb2 h4 71. Ra4+ Kc3 72. Nd1+ Kd2 73. Nf2 Ng5 74. Ra2+ Kc3 75. Bg2 Rf7 
76. Ra3+ Kb4 77. Rd3 Rf5 78. Kf1 Kc5 79. Rd7 Kb6 80. Rd4 h3 81. Bh1 Nf3 
82. Rd8 Kc7 83. Rh8 Ng5 84. Ra8 Kb6 85. Rg8 Kc7 86. Rg7+ Kd8 87. Ra7 Ke8 
88. Ra3 Kf8 89. Kg1 Rf4 90. Nd3 Rd4 91. Nf2 Rf4 92. Nd3 Rd4 93. Ba8 Ne4 
94. Ne5 Kg7 95. Nf3 Rc4 96. Bd5 Rb4 97. Kh2 Kf6 98. Ra6+ Kf5 99. Ne1 Ng5 
100. Ra5 Kg4 101. Nd3 Rd4 102. Nf2+ Kf4 103. Ba8 Rd8 104. Ra4+ Ke3 105. Kg3 Rg8 
106. Ng4+ Kd2 107. Kh4 Kc3 108. Bd5 Rg7 109. Kg3 Rd7 110. Nf6 Rd6 111. Rf4 Kd3 
112. Bc4+ Kd2 113. Nd5 Re6 114. Rf2+ Kc1 115. Rh2 Ne4+ 116. Kf4 Nd2 117. Kf5 Rd6 
118. Ne3 Rd4 119. Be2 Rh4 120. Bg4 Rh8 121. Kf4 Rh6 122. Bxh3 Rh4+ 123. Kg3 Rd4 
124. Rh1+ Kb2 125. Bf5 Nc4 126. Ng2 Kc3 127. Nf4 Rd2 128. Be6 Kd4 129. Rc1 Ne5 
130. Bf5 Nc4 131. Bg6 Ne3 132. Rc8 Nc4 133. Ra8 Kc5 134. Bd3 Nd6 135. Kf3 Rb2 
136. Ra5+ Kc6 137. Ng6 Kb6 138. Rd5 Kc6 139. Ne7+ Kc7 140. Ke3 Rb8 141. Rc5+ Kd7 
142. Ng6 Ke6 143. Nf4+ Kd7 144. Ng6 Rb4 145. Ne5+ Ke6 146. Nf3 Rg4 147. Nd4+ Ke7 
148. Re5+ Kf7 149. Be2 Rh4 150. Rd5 Ke7 151. Bf3 Rh6 152. Bg4 Nc4+ 153. Kf4 Rb6 
154. Bf3 Nd6 1/2-1/2

[Event "Friday 20 April Rapid Engine Tour 12+1 Rounds 9 Starts 1600ST"]
[Site "Infinity Chess"]
[Date "2018.4.20"]
[Round "1"]
[White "Time_bandit"]
[Black "angriff"]
[Result "1/2-1/2"]
[ECO "C77"]
[WhiteElo "2459"]
[BlackElo "2374"]
[WhiteEngine "asmFishW_2018-04-11_bmi2"]
[BlackEngine "DracoREX 3.07 64BIT POPCNT_CTG"]
[EventType "Swiss"]
[WhiteTeam ""]
[BlackTeam ""]
[PlyCount "77"]
[TimeControl "720+1"]

1. e4 e5 2. Nf3 Nc6 3. Bb5 a6 4. Ba4 Nf6 5. O-O Be7 6. Re1 b5 7. Bb3 O-O 
8. c3 d5 9. exd5 Nxd5 10. Nxe5 Nxe5 11. Rxe5 c6 12. d4 Bd6 13. Re1 Qh4 
14. g3 Qh3 15. Be3 Bg4 16. Qd3 Rae8 17. Nd2 Re6 18. a4 Qh5 19. axb5 axb5 
20. Nf1 Bf5 21. Qd2 Bh3 22. Bd1 Qg6 23. Bf3 Qf5 24. Qd1 h5 25. Ra6 Bb8 
26. Bh1 h4 27. Bd2 Rf6 28. Qe2 Re6 29. Qf3 Rxe1 30. Bxe1 Bf4 31. Bg2 Bg4 
32. Qe4 Qc8 33. Ra1 Re8 34. Qb1 Bf5 35. Qd1 Bg4 36. Qc2 Bf5 37. Qd1 Bg4 
38. Qd3 Bf5 39. Qd1 1/2-1/2

[Event "Friday 20 April Rapid Engine Tour 12+1 Rounds 9 Starts 1600ST"]
[Site "Infinity Chess"]
[Date "2018.4.20"]
[Round "1"]
[White "OlivierEvan"]
[Black "CrapCleaner"]
[Result "1/2-1/2"]
[ECO "C65"]
[WhiteElo "2390"]
[BlackElo "2465"]
[WhiteEngine "Houdini 6"]
[BlackEngine "komodo-11.3.1-64bit-BMI2_CTG"]
[EventType "Swiss"]
[WhiteTeam ""]
[BlackTeam ""]
[PlyCount "114"]
[TimeControl "720+1"]

1. e4 e5 2. Nf3 Nc6 3. Bb5 Nf6 4. O-O Nxe4 5. d4 Nd6 6. Bxc6 dxc6 7. dxe5 Nf5 
8. Qxd8+ Kxd8 9. Rd1+ Ke8 10. Nc3 Be7 11. b3 Be6 12. Bb2 Rd8 13. h3 Nh4 
14. Nxh4 Bxh4 15. Ne2 h5 16. c4 Be7 17. Nd4 Bc8 18. Bc3 a6 19. Kf1 Rh6 
20. e6 Bf6 21. exf7+ Kxf7 22. Ne2 Rhh8 23. Bxf6 Kxf6 24. Rxd8 Rxd8 25. Ng3 h4 
26. Ne4+ Kg6 27. Re1 b6 28. Re3 Rd1+ 29. Ke2 Rg1 30. Kf3 c5 31. Nc3 Bb7+ 
32. Nd5 Bxd5+ 33. cxd5 Rd1 34. Re7 Rxd5 35. Rxc7 Rf5+ 36. Ke2 Re5+ 37. Kd3 Rd5+ 
38. Ke4 Rd2 39. Rc6+ Kh5 40. Kf3 Rxa2 41. Rxb6 Rb2 42. Ke3 Kg5 43. g4 hxg3 
44. fxg3 Kh5 45. Rb7 c4 46. Rxg7 cxb3 47. Rb7 Rb1 48. Kd3 a5 49. Rb5+ Kg6 
50. Rxa5 Rg1 51. Ra6+ Kf7 52. Ra7+ Ke6 53. Ra6+ Kd5 54. Ra5+ Kc6 55. Kc3 Rxg3+ 
56. Kb2 Rxh3 57. Rf5 Kd6 1/2-1/2

[Event "Friday 20 April Rapid Engine Tour 12+1 Rounds 9 Starts 1600ST"]
[Site "Infinity Chess"]
[Date "2018.4.20"]
[Round "1"]
[White "Seliga"]
[Black "Deep_Impact"]
[Result "1/2-1/2"]
[ECO "C50"]
[WhiteElo "2475"]
[BlackElo "2407"]
[WhiteEngine "AsmFish A13_CTG"]
[BlackEngine "BrainFish_180411_x64_bmi2"]
[EventType "Swiss"]
[WhiteTeam ""]
[BlackTeam ""]
[PlyCount "115"]
[TimeControl "720+1"]

1. e4 e5 2. Nf3 Nc6 3. Bc4 Bc5 4. d3 Nf6 5. c3 d6 6. Bg5 h6 7. Bh4 a5 8. Nbd2 g5 
9. Bg3 Ba7 10. O-O O-O 11. Bb3 Nh7 12. Kh1 Qf6 13. Nc4 Qg7 14. Ne3 Nf6 
15. a4 Kh8 16. Qe2 Bd7 17. Nd2 Qg6 18. Ndc4 Nh5 19. Bc2 Nf4 20. Qd2 Be6 
21. Na3 Rac8 22. Nb5 Bxe3 23. fxe3 Nh5 24. Be1 f5 25. exf5 Bxf5 26. Kg1 Rf7 
27. Bg3 Rcf8 28. Nxc7 Rxc7 29. e4 Nxg3 30. hxg3 Rcf7 31. exf5 Rxf5 32. Rxf5 Qxf5 
33. Re1 Qf7 34. Qe3 Kg7 35. d4 exd4 36. Qd3 Kg8 37. Bb1 d5 38. Re6 Re8 
39. Rxe8+ Qxe8 40. Qh7+ Kf8 41. Qxh6+ Ke7 42. Qxg5+ Kd6 43. Kf2 dxc3 44. bxc3 d4 
45. Qh6+ Qe6 46. Qf4+ Qe5 47. cxd4 Nxd4 48. Bd3 Ne6 49. Qxe5+ Kxe5 50. Ke3 Nc5 
51. Bb5 Kf5 52. Kd4 b6 53. g4+ Kxg4 54. Kd5 Kf4 55. Kc6 Kg4 56. g3 Kxg3 
57. Kxb6 Nxa4+ 58. Bxa4 1/2-1/2

[Event "Friday 20 April Rapid Engine Tour 12+1 Rounds 9 Starts 1600ST"]
[Site "Infinity Chess"]
[Date "2018.4.20"]
[Round "1"]
[White "ocirema"]
[Black "Marsell"]
[Result "1/2-1/2"]
[ECO "C55"]
[WhiteElo "2434"]
[BlackElo "2477"]
[WhiteEngine "asmFishW_2018-04-15_popcnt_CTG"]
[BlackEngine "BrainFish_180418_x64_bmi2"]
[EventType "Swiss"]
[WhiteTeam ""]
[BlackTeam ""]
[PlyCount "128"]
[TimeControl "720+1"]

1. e4 e5 2. Nf3 Nc6 3. Bc4 Nf6 4. d3 Bc5 5. c3 d6 6. O-O O-O 7. h3 a6 8. Re1 Ba7 
9. a4 h6 10. Nbd2 Nh5 11. Nf1 Qf6 12. Ne3 Nf4 13. Ng4 Qg6 14. Bxf4 exf4 
15. d4 Bxg4 16. hxg4 Qxg4 17. a5 Rae8 18. b4 Ne7 19. b5 axb5 20. Bxb5 c6 
21. Bd3 Qe6 22. Rb1 Rb8 23. c4 b5 24. cxb5 cxb5 25. Qd2 Rfc8 26. Rb2 g6 
27. a6 Kg7 28. Bxb5 d5 29. exd5 Qd6 30. Reb1 Nxd5 31. Bd3 Rxb2 32. Rxb2 Rc7 
33. Rb7 Rxb7 34. axb7 Qb4 35. Qxb4 Nxb4 36. Bb5 f6 37. Nh4 Kf7 38. Bc4+ Kg7 
39. Be6 Nc6 40. Nf3 Kf8 41. d5 Ne5 42. Nd4 Bb8 43. Nb3 Nd3 44. Nd4 Ne5 
45. Nb3 Nd3 46. Kf1 f3 47. gxf3 Ke7 48. Ke2 Nf4+ 49. Ke3 g5 50. Nc5 h5 
51. Ke4 Nxe6 52. Nxe6 h4 53. f4 h3 54. Kf3 g4+ 55. Kg3 Kd6 56. Nd4 Kxd5 
57. Nf5 Kc6 58. Ne3 f5 59. Nxf5 Kxb7 60. f3 h2 61. Kxh2 gxf3 62. Kg3 f2 
63. Ne3 f1=Q 64. Nxf1 Bd6 1/2-1/2